 Dungeon Crawl Stone Soup version 0.32-a0-656-g3542139ebd (webtiles) character file.

Game seed: 11682902873764161799

630 cforsyth the Grave Robber (level 7, -1/62 HPs)
             Began as a Mountain Dwarf Necromancer on Mar 9, 2024.
             Slain by an ogre
             ... wielding a +0 giant club
              (15 damage)
             ... on level 6 of the Dungeon.
             The game lasted 00:07:31 (6210 turns).

cforsyth the Grave Robber (MDNe)                    Turns: 6210, Time: 00:07:31

Health: -1/62      AC: 10    Str: 13    XL:     7   Next: 24%
Magic:  6/9        EV:  6    Int: 15    God:
Gold:   315        SH:  0    Dex: 10    Spells: 8/9 levels left

rFire   . . .        r - +0 flail
rCold   . . .        (no shield)
rNeg    . . .        h - +0 chain mail
rPois   .            n - +0 helmet
rElec   .            (no cloak)
rCorr   .            m - +0 pair of gloves
SInv    .            (no boots)
Will    .....        (no amulet) Stlth
                     (no ring)
HPRegen 0.30/turn    (no ring)
MPRegen 0.11/turn

%: no passive effects
@: no status effects
A: runic magic, artefact enchanting
a: no special abilities


You were on level 6 of the Dungeon.
You visited 1 branch of the dungeon, and saw 6 of its levels.

You collected 315 gold pieces.


Innate Abilities, Weirdness & Mutations

Your spellcasting is much less encumbered by armour.
You can use scrolls of enchantment on lesser artefacts.


   Skills:
 + Level 5.9 Fighting
 - Level 1.3 Dodging
 - Level 1.4 Stealth
 - Level 1.7 Spellcasting
 + Level 7.5 Necromancy


You had 8 spell levels left.
You knew the following spells:

 Your Spells              Type           Power      Damage    Failure   Level
X - Necrotise             Necr           96%        1d8       2%          1

Your spell library contained the following spells:

 Spells                   Type           Power      Damage    Failure   Level
 Vampiric Draining        Necr           24%        2d7       7%          3
 Animate Dead             Necr           24%        N/A       22%         4
 Curse of Agony           Necr           24%        N/A       52%         5
 Blink                    Tloc           2%         N/A       58%         2
 Lesser Beckoning         Tloc           2%         N/A       58%         2
 Momentum Strike          Conj/Tloc      2%         3d8       58%         2

Inventory:

Hand Weapons
 r - a +0 flail (weapon)
Armour
 h - a +0 chain mail (worn)
 i - a +1 hat
 m - a +0 pair of gloves (worn)
 n - a +0 helmet (worn)
Magical Staves
 k - a staff of conjuration {!a}
 p - a staff of air {!a}
Jewellery
 c - an amulet of guardian spirit
 F - a ring of fire
Wands
 y - a wand of polymorph (9)
Scrolls
 a - a scroll of blinking {unknown}
 d - 2 scrolls of noise {unknown}
 e - a scroll of enchant weapon {unknown}
 f - a scroll of fog {unknown}
 g - 2 scrolls of teleportation {unknown}
 j - 8 scrolls of identify {unknown}
 l - a scroll of amnesia {unknown}
 t - a scroll of revelation {unknown}
 v - 2 scrolls of vulnerability {unknown}
 w - a scroll of enchant armour {unknown}
 x - a scroll of torment {unknown}
Potions
 b - 2 potions of magic
 o - a potion of enlightenment {unknown}
 q - a potion of might {unknown}
 u - a potion of curing {unknown}
 z - a potion of haste {unknown}

Dungeon Overview and Level Annotations

Branches:
Dungeon (6/15)
 Temple: D:4-7

Altars:

Shops:
D:3 [[

Annotations:
D:4 Grinder

#># #.........#.# #.#
#.#########.# #.#
#.#.........# #.#
#.#.######### #.#
#.#...# #.# #.###.#
#.# #.# #.# #.# #.#
#.# #.# #.# #@#
#.#########.###.O...#
#.............#.....#
###########.#.#.....#
#........#.#.....#
#.########.#.......
#.# #.######### #.#
#.# #.# #.#


You could see an ogre.


Message History

Aim: an ogre, wielding a +0 giant club (moderately wounded, will become a wyvern, a warg, or a steam dragon, chance to affect: 49%)
Okay, then.
Unknown command.
Okay, then.
It was a potion of heal wounds.
You feel much better.
The ogre writhes in agony.
The ogre hits you with a +0 giant club!!
The ogre writhes in agony.
The ogre hits you with a +0 giant club!!
* * * LOW HITPOINT WARNING * * *
You are too injured to fight recklessly!
You are too injured to fight recklessly!
You are too injured to fight recklessly!
You feel much better.
The ogre writhes in agony.
The ogre hits you with a +0 giant club!!
* * * LOW HITPOINT WARNING * * *
You are too injured to fight recklessly!
You are too injured to fight recklessly!
You are too injured to fight recklessly!
You are too injured to fight recklessly!
You are too injured to fight recklessly!
Unknown command.
You barely miss the ogre.
The ogre is heavily wounded.
The ogre hits you but does no damage.
You sock the ogre!
The ogre is almost dead.
The ogre hits you with a +0 giant club!
You die...

Skill      XL: |  1  2  3  4  5  6 |
---------------+-------------------+-----
Fighting       | 1 2 3 4 5 |  5.9
Necromancy     | 5 6 7 |  7.5
Dodging        | |  1.3
Stealth        | |  1.4
Spellcasting   | |  1.7

Action                     |  1- 3 |  4- 6 |  7- 9 || total
---------------------------+-------+-------+-------++-------
  Melee: Unarmed           |     8 |       |       ||     8
         Flail             |       |    21 |    13 ||    34
   Cast: Necrotise         |    56 |   132 |    29 ||   217
    Use: Potion            |       |       |     2 ||     2
 Armour: Robe              |     6 |       |       ||     6
         Chain mail        |    23 |   112 |    35 ||   170
  Dodge: Dodged            |    12 |    34 |     4 ||    50

Levels and vault maps discovered:
D:1:      dpeg_arrival_stonehenge_12_columns, layout_basic,
          chequers_serial_rivers_room_b, hangedman_decor_opposing
D:2:      layout_basic, minivault_23, grunt_ministairs_9
D:3:      layout_basic, serial_shops, shop, shop, serial_bayou_lake_a
D:4:      layout_gridville, uniq_grinder
D:5:      layout_rooms, uniq_ijyb
D:6:      layout_basic, mainiacjoe_overflow_alcove_1,
          minmay_temple_entry_nine_rooms

Notes
Turn   | Place    | Note
-------+----------+-------------------------------------------
     0 | D:1      | cforsyth the Mountain Dwarf Necromancer began the quest for
                  | the Orb.
     0 | D:1      | Reached XP level 1. HP: 14/14 MP: 3/3
   310 | D:1      | Reached skill level 1 in Fighting
   351 | D:1      | Reached XP level 2. HP: 21/23 MP: 2/4
  1300 | D:2      | Reached skill level 2 in Fighting
  1300 | D:2      | Reached skill level 5 in Necromancy
  1300 | D:2      | Reached XP level 3. HP: 22/29 MP: 0/5
  1900 | D:2      | Reached XP level 4. HP: 36/37 MP: 2/6
  2120 | D:2      | Reached skill level 3 in Fighting
  2966 | D:3      | Found Zogoust's Armour Emporium.
  3227 | D:3      | Found Kusadd's Antique Armour Emporium.
  3925 | D:4      | Reached XP level 5. HP: 44/45 MP: 1/7
  4152 | D:4      | Noticed Grinder
  4819 | D:5      | Entered Level 5 of the Dungeon
  4843 | D:5      | Reached skill level 4 in Fighting
  4843 | D:5      | Reached skill level 6 in Necromancy
  5070 | D:5      | Reached XP level 6. HP: 53/53 MP: 2/8
  5179 | D:5      | Noticed Ijyb
  5187 | D:5      | Killed Ijyb
  5343 | D:5      | Reached skill level 5 in Fighting
  5349 | D:5      | Reached skill level 7 in Necromancy
  5467 | D:5      | Reached XP level 7. HP: 61/61 MP: 4/9
  6210 | D:6      | Slain by an ogre

Vanquished Creatures
  A black bear (D:5)
  A bullfrog (D:5)
  A scorpion (D:5)
  An orc priest (D:5)
  2 jellies (D:5)
  2 iguanas (D:5)
  Ijyb (D:5)
  3 orc wizards (D:5)
  3 gnolls (D:2)
  8 adders
  2 shadow imps (D:5)
  4 dart slugs
  7 orcs
  4 ball pythons
  5 endoplasms
  2 giant cockroaches
  5 goblins
  A hobgoblin (D:3)
  2 jackals (D:2)
  4 quokkas
  4 bats
  A frilled lizard (D:1)
  7 kobolds
  3 rats
74 creatures vanquished.

Vanquished Creatures (collateral kills)
  A giant cockroach (D:2)
1 creature vanquished.

Grand Total: 75 creatures vanquished

Table legend: (Time is in decaauts)
 A = Elapsed time spent in this place.
 B = Non-inter-level travel time spent in this place.
 C = Inter-level travel time spent in this place.
 D = Time resting spent in this place.
 E = Time spent auto-exploring this place.
 F = Levels seen in this place.
 G = Mean time per level.
                   A        B        C        D        E       F      G
               +--------+--------+--------+--------+--------+-----+--------+
         Total |   6259 |   6020 |    239 |    202 |   4875 |   6 | 1043.2 |
       Dungeon |   6259 |   6020 |    239 |    202 |   4875 |   6 | 1043.2 |
               +--------+--------+--------+--------+--------+-----+--------+

Top non-repeatable levels by time:
     D:2: 1486 daAuts
     D:3: 1302 daAuts
     D:5: 1204 daAuts
     D:1: 1177 daAuts
     D:4: 889 daAuts
     D:6: 199 daAuts

Table legend:
 A = Non-vault XP
 B = Vault XP
 C = Vault XP percentage of total XP
 D = Non-vault monster count
 E = Vault monster count
 F = Vault count percentage of total count
                 A         B        C        D         E       F
            +---------+---------+-------+---------+---------+-------
      Total |     848 |      52 |   5.8 |      72 |       3 |   4.0
            +---------+---------+-------+---------+---------+-------
        D:1 |      20 |       0 |   0.0 |      13 |       0 |   0.0
        D:2 |     111 |      16 |  12.6 |      17 |       2 |  10.5
        D:3 |      36 |       0 |   0.0 |      13 |       0 |   0.0
        D:4 |      29 |       0 |   0.0 |       8 |       0 |   0.0
        D:5 |     652 |      36 |   5.2 |      21 |       1 |   4.5
            +---------+---------+-------+---------+---------+-------
